 Dungeon Crawl Stone Soup version 0.26.1-11-gd32895ea62 (webtiles) character file.

Game seed: 18223460416264598175

458 Almogavar the Firebug (level 7, 0/48 HPs)
             Began as a Human Fire Elementalist on May 24, 2021.
             Slain by a centaur warrior zombie (3 damage)
             ... on level 5 of the Dungeon.
             The game lasted 00:18:57 (6538 turns).

Almogavar the Firebug (Human Fire Elementalist)     Turns: 6538, Time: 00:18:58

Health: 0/48       AC:  3    Str:  9    XL:     7   Next: 27%
Magic:  7/12       EV: 13    Int: 23    God:
Gold:   368        SH:  0    Dex: 13    Spells: 9/13 levels left

rFire    + . .     SeeInvis .   A - staff of fire
rCold    . . .     Faith    .   (no shield)
rNeg     . . .     Spirit   .   a - +0 robe
rPois    .         Reflect  .   (no helmet)
rElec    .         Harm     .   E - +0 cloak
rCorr    .         Rampage  .   (no gloves)
Will     .....                  (no boots)
Stlth    ++........             (no amulet)
HPRegen  0.16/turn              l - ring of wizardry
MPRegen  0.13/turn              C - +6 ring of intelligence

@: no status effects
A: no striking features
a: no special abilities


You were on level 5 of the Dungeon.
You visited 1 branch of the dungeon, and saw 5 of its levels.
You also visited: Ossuary.

You collected 368 gold pieces.

Inventory:

Hand Weapons
 d - a +0 dagger
Armour
 a - a +0 robe (worn)
 c - a +0 leather armour
 m - a +0 chain mail
 n - a cursed +0 ring mail
 r - a +0 scale mail
 y - a +2 buckler
 E - a +0 cloak (worn)
Magical Staves
 o - an uncursed staff of air
 A - an uncursed staff of fire (weapon)
Jewellery
 l - a ring of wizardry (left hand)
 q - an uncursed ring of see invisible
 C - a +6 ring of intelligence (right hand)
Wands
 v - a wand of enslavement (9)
 F - a wand of acid (6)
Scrolls
 e - 3 scrolls of fog
 h - 5 scrolls of teleportation
 i - a scroll of blinking
 j - a scroll of magic mapping
 t - 3 scrolls of remove curse
 x - a scroll of enchant armour {unknown}
 B - a scroll of fear {unknown}
 D - a scroll of random uselessness {unknown}
Potions
 b - a potion of ambrosia
 f - 2 potions of might
 g - 3 potions of flight
 k - 4 potions of heal wounds
 p - 2 potions of magic
 s - a potion of brilliance {unknown}
 u - a potion of lignification {unknown}
 w - 3 potions of curing {unknown}
 z - 2 potions of resistance {unknown}


   Skills:
 + Level 1.3 Fighting
 - Level 0.1 Short Blades
 + Level 3.1 Dodging
 + Level 2.8 Stealth
 + Level 3.6 Spellcasting
 + Level 3.2 Conjurations
 + Level 4.8 Fire Magic


You had 9 spell levels left.
You knew the following spells:

 Your Spells              Type           Power        Failure   Level
a - Foxfire               Conj/Fire      100%         1%          1
b - Conjure Flame         Conj/Fire      34%          2%          3

Your spell library contained the following spells:

 Spells                   Type           Power        Failure   Level
 Inner Flame              Hex/Fire       23%          4%          3
 Sticky Flame             Conj/Fire      34%          9%          4
 Fireball                 Conj/Fire      17%          22%         5


Dungeon Overview and Level Annotations

Branches:
Dungeon (5/15)            Ossuary (visited)
 Temple: D:4-7

Altars:
Dithmenos
Hepliaklqana
Kikubaaqudgha
Ru
Zin


Message History

* * * LOW HITPOINT WARNING * * *
The centaur warrior zombie hits you.
* * * LOW HITPOINT WARNING * * *
The centaur warrior zombie barely misses you.
Casting: Foxfire (safe; 1% risk of failure)
Confirm with . or Enter, or press ? or * to list all spells.
You feel a surge of power!
You conjure some foxfire!
The centaur warrior zombie hits you.
* * * LOW HITPOINT WARNING * * *
The foxfire hits the centaur warrior zombie.
The centaur warrior zombie is heavily damaged.
The foxfire hits the centaur warrior zombie but does no damage.
The centaur warrior zombie is heavily damaged.
The centaur warrior zombie closely misses you.
Casting: Foxfire (safe; 1% risk of failure)
Confirm with . or Enter, or press ? or * to list all spells.
You feel a surge of power!
You conjure some foxfire!
The centaur warrior zombie barely misses you.
The centaur warrior zombie hits you.
You die...

#.#...#
#.#...#####.........
#.#....(..#.........
#.#....##.##........
#...<..##.##........
###....##.##......
#....<#.# ....
#######.###.####.##
###v@Z..........
#..v.####.......
#.#.## .$).... #.#.#
....... #...#
....... #####
##.#.## .#.# .. #


You could see a centaur warrior zombie.

Vanquished Creatures
  An elf zombie (Ossuary)
  A hound (D:5)
  A bullfrog skeleton (D:5)
  An orc wizard (D:4)
  3 worker ants
  3 mummies (Ossuary)
  7 adders
  A shadow imp (D:5)
  3 adder zombies (Ossuary)
  A worm (D:2)
  3 dart slugs
  5 leopard geckos
  6 orcs
  A ball python (D:3)
  8 giant cockroaches
  8 goblins
  7 hobgoblins
  7 jackals
  6 kobolds
  2 quokkas
  5 bats
  4 frilled lizards
  3 goblin zombies (Ossuary)
  2 hobgoblin zombies (Ossuary)
  3 kobold zombies (Ossuary)
  5 quokka zombies (Ossuary)
  9 rats
  A rat zombie (Ossuary)
107 creatures vanquished.

Vanquished Creatures (others)
  390 foxfires
390 creatures vanquished.

Grand Total: 497 creatures vanquished

Notes
Turn   | Place    | Note
-------+----------+-------------------------------------------
     0 | D:1      | Almogavar the Human Fire Elementalist began the quest for
                  | the Orb.
     0 | D:1      | Reached XP level 1. HP: 13/13 MP: 3/3
   152 | D:1      | Reached XP level 2. HP: 19/19 MP: 3/5
   631 | D:1      | Reached XP level 3. HP: 22/24 MP: 1/6
   678 | D:1      | Learned a level 3 spell: Conjure Flame
  1039 | D:2      | Found a hazy altar of Hepliaklqana.
  1406 | D:2      | Reached XP level 4. HP: 19/30 MP: 2/7
  2530 | D:3      | Reached skill level 4 in Fire Magic
  3327 | D:3      | Reached XP level 5. HP: 36/36 MP: 5/8
  3914 | D:4      | Found a sand-covered staircase.
  3918 | Ossuary  | Entered an ossuary
  4252 | Ossuary  | Reached skill level 1 in Fighting
  4252 | Ossuary  | Reached XP level 6. HP: 12/43 MP: 3/10
  5162 | D:4      | Found a shadowy altar of Dithmenos.
  5322 | D:4      | Found a glowing silver altar of Zin.
  6197 | D:5      | Entered Level 5 of the Dungeon
  6214 | D:5      | Reached XP level 7. HP: 40/48 MP: 7/12
  6330 | D:5      | Found a sacrificial altar of Ru.
  6463 | D:5      | Found an ancient bone altar of Kikubaaqudgha.
  6538 | D:5      | Slain by a centaur warrior zombie

Illustrated notes

Levels and vault maps discovered:
D:1:      dpeg_arrival_orchard, layout_loops_ring
D:2:      layout_rooms, old_standard_altar
D:3:      minmay_chambers_of_threes, layout_loops_ring,
          minmay_misc_feat_four_crosses
D:4:      layout_basic, kennysheep_mini, marbit_many_paths,
          lightli_ossuary_entry_decrepit_ruins, kennysheep_opposing_triangles
D:5:      layout_basic, old_standard_altar, lemuel_crystal_altar,
          okawaru_gym_becter

Skill      XL: |  1  2  3  4  5  6  7 |
---------------+----------------------+-----
Fire Magic     | 4 |  4.8
Conjurations   | 2 3 |  3.2
Fighting       | 1 |  1.3
Spellcasting   | 3 |  3.6
Dodging        | 3 |  3.1
Short Blades   | |  0.1
Stealth        | |  2.8

Action                   |  1- 3 |  4- 6 |  7- 9 || total
-------------------------+-------+-------+-------++-------
Melee: Dagger            |    17 |    25 |       ||    42
       Staff             |       |    15 |     9 ||    24
 Cast: Foxfire           |    49 |   158 |    19 ||   226
  Use: Scroll            |     5 |     7 |     1 ||    13
 Stab: Sleeping          |     2 |     1 |       ||     3
Armor: Robe              |     4 |    25 |     1 ||    30
Dodge: Dodged            |    16 |    98 |    12 ||   126
